 Dungeon Crawl Stone Soup version 0.18-a0-844-g9229740 (webtiles) character file.

29 M4edhros the Charlatan (level 3, 0/23 HPs)
             Began as an Octopode Artificer on Dec 18, 2015.
             Slain by Crazy Yiuf
             ... wielding a +4 quarterstaff of chaos
              (16 damage)
             ... on level 2 of the Dungeon.
             The game lasted 00:01:39 (1236 turns).

M4edhros the Charlatan (Octopode Artificer)         Turns: 1236, Time: 00:01:39

Health: 0/23       AC:  3    Str: 10    XL:     3   Next: 16%
Magic:  5/5        EV: 12    Int: 13    God:
Gold:   60         SH:  0    Dex: 12    Spells: 0 memorised, 2 levels left

rFire  . . .     SeeInvis .     a - +0 short sword
rCold  . . .     Gourm    .     (no shield)
rNeg   . . .     Faith    .     (helmet restricted)
rPois  .         Spirit   .     (no amulet)
rElec  .         Dismiss  .     p - -2 ring of intelligence
rCorr  .         Reflect  .     i - +2 ring of protection
SustAt .         Harm     .     (no ring)
MR     .....                    (no ring)
Stlth  +++.......               (no ring)
                                (no ring)
                                (no ring)
                                (no ring)

@: lethally poisoned (0 -> -16), not resistant to hostile enchantments, fairly
stealthy
A: almost no armour, amphibious, 8 rings, constrict 8, camouflage 1, gelatinous
body 1
a: no special abilities


You were on level 2 of the Dungeon.
You were not hungry.

You visited 1 branch of the dungeon, and saw 3 of its levels.

You collected 60 gold pieces.

Inventory:

Hand Weapons
 a - a +0 short sword (weapon)
 n - a +2 hunting sling
Missiles
 l - 33 stones (quivered)
 m - 19 sling bullets
Jewellery
 i - a +2 ring of protection (right tentacle)
 p - a -2 ring of intelligence (left tentacle)
Wands
 b - a wand of flame (14)
 c - a wand of enslavement (15)
 d - a wand of random effects (15)
Potions
 e - a potion of magic {unknown}
 k - 2 potions of haste {unknown}
Comestibles
 f - 2 bread rations
 g - a royal jelly


   Skills:
 - Level 1.0 Fighting
 - Level 1.0 Short Blades
 * Level 0.4 Slings
 * Level 2.4 Dodging
 * Level 3.0 Stealth
 + Level 3.6 Evocations


You had 2 spell levels left.
You didn't know any spells.

Dungeon Overview and Level Annotations

Branches:
Dungeon (3/15)

Altars:

Annotations:
D:2 Crazy Yiuf
D:3 JokEr's ghost, amateur MfGl


Innate Abilities, Weirdness & Mutations

You cannot wear most types of armour.
You are amphibious.
You can wear up to eight rings at the same time.
You can use your tentacles to constrict eight enemies at once.
Your skin changes colour to match your surroundings (Stealth).
Your rubbery body absorbs attacks (AC +1).


Message History

You constrict Crazy Yiuf, but do no damage.
Crazy Yiuf laughs, "Race forty-two tea!"
Crazy Yiuf barely misses you.
You hit Crazy Yiuf.
Crazy Yiuf is severely wounded.
You constrict Crazy Yiuf, but do no damage.
Crazy Yiuf hits you with a quarterstaff of chaos.
You are lethally poisoned!
Evoke which item? (* to show all) (? for menu, Esc to quit)
Zapping:
b - a wand of flame (15)
Press: ? - help, Shift-Dir - straight line, f/p - Crazy Yiuf
Aim: Crazy Yiuf, wielding a quarterstaff of chaos and wearing a cloak (severely wounded, constricted by you, unusually strong)
The puff of flame hits Crazy Yiuf.
Crazy Yiuf is almost dead.
This wand has 14 charges left.
You constrict Crazy Yiuf, but do no damage.
You feel sick.
Crazy Yiuf hits you with a quarterstaff of chaos!
Ouch! That really hurt!
You die...

..#.....)..........#
..#.#####..........#
###.#
#..........#####
....#
##.............#
#####
#.........###.# ####
########### #.#
...#### #.# ......#
♣♣♣♣♣##.## ......#
♣♣♣@♣......# ......#
♣(g♣.......# ......#
#(....♣♣♣♣......#
......# #((.#
♣♣♣...## ......# ###
♣#### ......#
......# ......#
......#


You could see Crazy Yiuf.

Vanquished Creatures
  An adder (D:2)
  A bat (D:2)
  A giant cockroach (D:1)
  3 goblins
  A hobgoblin (D:3)
  A quokka (D:2)
  4 giant newts
  5 kobolds
  3 rats (D:1)
20 creatures vanquished.

Notes
Turn   | Place    | Note
--------------------------------------------------------------
     0 | D:1      | M4edhros the Octopode Artificer began the quest for the Orb.
     0 | D:1      | Reached XP level 1. HP: 13/13 MP: 3/3
   192 | D:1      | Reached XP level 2. HP: 16/18 MP: 4/4
   526 | D:3      | Noticed JokEr's ghost (amateur MfGl)
   930 | D:2      | Reached XP level 3. HP: 23/23 MP: 5/5
  1226 | D:2      | Noticed Crazy Yiuf
  1236 | D:2      | Slain by Crazy Yiuf

Vault maps used:
D:1:      erik_arrival_triangle_medium
D:2:      uniq_crazy_yiuf_cottage
D:3:      wad_lake_hut, trog_wizard, uniq_jessica

Action                   || total
-------------------------++-------
Melee: Short sword       ||    44
 Fire: Hunting sling     ||    13
Evoke: Wand              ||     1
  Use: Scroll            ||     6
 Stab: Sleeping          ||     4
  Eat: Chunk             ||     1
